 Dungeon Crawl Stone Soup version 0.17.0-25-gefc9c12 (webtiles) character file.

135 dorian the Firebug (level 5, -2/31 HPs)
             Began as an Octopode Fire Elementalist on Nov 18, 2015.
             Slain by a river rat (9 damage)
             ... on level 3 of the Dungeon.
             The game lasted 00:06:45 (2995 turns).

dorian the Firebug (Octopode Fire Elementalist)     Turns: 2995, Time: 00:06:45

Health: -2/31      AC:  1    Str:  7    XL:     5   Next: 18%
Magic:  5/8        EV:  7    Int: 19    God:
Gold:   85         SH:  0    Dex: 12    Spells: 2 memorised, 3 levels left

rFire  . . .     SeeInvis .     (no weapon)
rCold  . . .     Clarity  .     (no shield)
rNeg   . . .     SustAt   .     (helmet restricted)
rPois  .         Gourm    .     (no amulet)
rElec  .         Spirit   .     (no ring)
rCorr  .         Warding  .     (no ring)
rMut   .         Stasis   .     (no ring)
MR     .....                    (no ring)
Stlth  +++.......               (no ring)
                                (no ring)
                                (no ring)
                                (no ring)

@: not resistant to hostile enchantments, fairly stealthy
A: almost no armour, amphibious, 8 rings, constrict 8, camouflage 1, gelatinous
body 1
a: no special abilities


You were on level 3 of the Dungeon.
You were not hungry.

You visited 1 branch of the dungeon, and saw 3 of its levels.

You collected 85 gold pieces.

Inventory:

Jewellery
 h - an uncursed ring of protection from fire {unknown}
Scrolls
 d - a scroll of enchant armour {unknown}
 g - a scroll of immolation {unknown}
 i - 2 scrolls of remove curse {unknown}
 k - 2 scrolls of enchant weapon {unknown}
 m - 2 scrolls of blinking {unknown}
 n - 2 scrolls of teleportation {unknown}
 o - 3 scrolls of identify {unknown}
 p - a scroll of recharging {unknown}
Potions
 c - a potion of ambrosia {unknown}
 e - a potion of degeneration {unknown}
 f - a potion of might {unknown}
 j - a potion of agility {unknown}
 l - a potion of brilliance {unknown}
Books
 a - a book of Flames

   Spells                             Type                      Level
   a - Flame Tongue                   Conjuration/Fire             1
   b - Throw Flame                    Conjuration/Fire             2
   c - Conjure Flame                  Conjuration/Fire             3
   d - Inner Flame                    Hexes/Fire                   3
   e - Sticky Flame                   Conjuration/Fire             4
   f - Fireball                       Conjuration/Fire             5
Comestibles
 b - 2 bread rations
 q - a beef jerky
 r - 4 fruits
 s - 5 chunks of flesh


   Skills:
 - Level 2.0 Dodging
 - Level 2.6 Stealth
 - Level 2.0 Spellcasting
 + Level 3.0 Conjurations
 + Level 4.8 Fire Magic


You had 3 spell levels left.
You knew the following spells:

 Your Spells              Type           Power        Failure   Level  Hunger
a - Flame Tongue          Conj/Fire      ###..        4%          1    #......
b - Sticky Flame          Conj/Fire      ###.....     38%         4    #####..


Dungeon Overview and Level Annotations

Branches:
Dungeon (3/15)

Altars:
Ru


Innate Abilities, Weirdness & Mutations

You cannot wear most types of armour.
You are amphibious.
You can wear up to eight rings at the same time.
You can use your tentacles to constrict eight enemies at once.
Your skin changes colour to match your surroundings (Stealth).
Your rubbery body absorbs attacks (AC +1).


Message History

Aiming: Flame Tongue
Press: ? - help, Shift-Dir - straight line, f/p - river rat
Aim: a river rat The flame tongue hits the river rat.
The river rat is severely wounded.
The river rat bites you.
* * * LOW HITPOINT WARNING * * *
Casting: Flame Tongue
Confirm with . or Enter, or press ? or * to list all spells.
Aiming: Flame Tongue
Press: ? - help, Shift-Dir - straight line, f/p - river rat
Aim: a river rat (severely wounded)
The flame tongue hits the river rat.
The river rat is almost dead.
The river rat bites you.
* * * LOW HITPOINT WARNING * * *
You see here 13 stones.
There is a stone staircase leading up here.
The river rat bites you!
You die...

≈≈≈.## ≈≈≈..#
≈≈≈..# ≈...r#
≈..r.# ≈....#
##########
....r#######
#.@.......
.....rrK.r.#
#r###.....
###.######(#
#.###.#### #.
#.# #K##...## #.
#.####r#.....###
#.
#.rK............
#.
######.#.....#
#. #####.##....#
#. #...........#


You could see 2 river rats and a kobold.

Vanquished Creatures
  An orc priest (D:3)
  An adder (D:2)
  A river rat (D:3)
  2 oozes
  2 worms (D:2)
  3 orcs
  3 giant cockroaches
  9 goblins
  7 hobgoblins
  2 jackals (D:1)
  10 kobolds
  2 ball pythons (D:1)
  8 bats
  6 giant geckos
  3 giant newts (D:2)
  8 rats
68 creatures vanquished.

Notes
Turn   | Place    | Note
--------------------------------------------------------------
     0 | D:1      | dorian the Octopode Fire Elementalist began the quest for the Orb.
     0 | D:1      | Reached XP level 1. HP: 11/11 MP: 3/3
   103 | D:1      | Reached XP level 2. HP: 17/17 MP: 3/5
   743 | D:1      | Reached XP level 3. HP: 14/21 MP: 3/6
  1540 | D:2      | Reached skill level 4 in Fire Magic
  1902 | D:2      | Found a sacrificial altar of Ru.
  1977 | D:2      | Reached XP level 4. HP: 27/27 MP: 5/7
  2761 | D:3      | Reached XP level 5. HP: 31/31 MP: 5/8
  2767 | D:3      | Learned a level 4 spell: Sticky Flame
  2995 | D:3      | Slain by a river rat

Action                   |  1- 3 |  4- 6 || total
-------------------------+-------+-------++-------
Melee: Unarmed           |    39 |    13 ||    52
 Cast: Flame Tongue      |    52 |    50 ||   102
 Stab: Sleeping          |     1 |       ||     1
  Eat: Chunk             |     3 |     5 ||     8
